 Dungeon Crawl Stone Soup version 0.18.1-50-g88ac8fd (webtiles) character file.

5562 Amnesiac the Inventor (level 10, -7/51 HPs)
             Began as a Vine Stalker Artificer on July 6, 2018.
             Was a Priest of Pakellas.
             Killed by divine providence
             ... invoked by an orc priest
              (10 damage)
             ... on level 1 of the Orcish Mines.
             The game lasted 00:16:57 (8517 turns).

Amnesiac the Inventor (Vine Stalker Artificer)      Turns: 8517, Time: 00:16:58

Health: -7/51      AC: 12    Str: 18    XL:     10   Next: 72%
Magic:  0/18       EV:  3    Int: 15    God:    Pakellas [***...]
Gold:   412        SH:  0    Dex: 25    Spells: 1 memorised, 6 levels left

rFire  . . .     SeeInvis .     c - +6 rapier of Amorality {drain, rPois rN+ Dex+3}
rCold  . . .     Gourm    .     h - +0 plate armour
rNeg   + . .     Faith    .     (no shield)
rPois  +         Spirit   +     (no helmet)
rElec  .         Dismiss  .     Q - +0 cloak
rCorr  .         Reflect  .     (no gloves)
SustAt .         Harm     .     (no boots)
MR     +....     Rnd*Rage +     J - amulet of rage
Stlth  ..........               O - +6 ring of dexterity
                                Y - +3 ring of intelligence

@: exhausted, slowed, very slow, somewhat resistant to hostile enchantments,
extremely unstealthy
A: fangs 3, talons 1, thin skeletal structure 1, berserk 1, regeneration 2,
magic shield, antimagic bite, no device heal 3, rot immunity
a: Quick Charge, Device Surge, Renounce Religion, Evoke Berserk Rage


You were on level 1 of the Orcish Mines.
You worshipped Pakellas.
Pakellas was most pleased with you.
You were very hungry.

You visited 3 branches of the dungeon, and saw 11 of its levels.
You also visited: Ossuary.

You collected 666 gold pieces.
You spent 254 gold pieces at shops.

Inventory:

Hand Weapons
 a - a +0 short sword of speed
 c - the +6 rapier of Amorality (weapon) {drain, rPois rN+ Dex+3}
   (You found it on level 7 of the Dungeon)

   A truly terrible weapon, it drains the life of those it strikes.
   It affects your dexterity (+3).
   It protects you from poison.
   It protects you from negative energy.
Missiles
 E - a throwing net (quivered)
Armour
 h - a +0 plate armour (worn)
 Q - a +0 cloak (worn)
 U - a +0 pair of gloves
Jewellery
 J - an amulet of rage (around neck)
 L - an uncursed ring of resist corrosion
 O - a +6 ring of dexterity (right hand)
 Y - a +3 ring of intelligence (left hand)
Wands
 d - a wand of enslavement (11/24)
 e - a wand of random effects (11/48)
 g - a wand of confusion (16/48)
 B - a wand of iceblast (7/15)
 R - a wand of flame (34/48)
 T - a wand of lightning (7/15)
 V - a wand of lightning (3/15)
Scrolls
 i - 9 scrolls of remove curse {!r, unknown}
 j - 11 scrolls of identify {!r, unknown}
 l - 3 scrolls of magic mapping {!r, unknown}
 n - 3 scrolls of immolation {!r, unknown}
 o - 3 scrolls of enchant weapon {!r, unknown}
 q - 4 scrolls of random uselessness {!r, unknown}
 s - 3 scrolls of teleportation {!r, unknown}
 w - 5 scrolls of amnesia {!r, unknown}
 C - a scroll of holy word {!r, unknown}
 D - 3 scrolls of fog {!r, unknown}
 F - 3 scrolls of fear {!r, unknown}
 H - a scroll of enchant armour {!r, unknown}
 K - 2 scrolls of noise {!r, unknown}
 M - 3 scrolls of recharging {!r, unknown}
 P - 3 scrolls of blinking {!r, unknown}
Potions
 k - 8 potions of curing {!q, unknown}
 p - 5 potions of degeneration {!q, unknown}
 r - 2 potions of magic {!q, unknown}
 t - a potion of resistance {!q, unknown}
 v - a potion of berserk rage {!q, unknown}
 x - a potion of haste {!q, unknown}
 y - 3 potions of brilliance {!q, unknown}
 z - 2 potions of agility {!q, unknown}
 A - 4 potions of flight {!q, unknown}
 G - a potion of invisibility {!q, unknown}
 I - a potion of cancellation {!q, unknown}
 N - 2 potions of heal wounds {!q, unknown}
 W - a potion of lignification {!q, unknown}
Miscellaneous
 b - a plain deck of wonders
 m - a box of beasts
Comestibles
 f - 5 bread rations
 u - 6 meat rations


   Skills:
 + Level 4.5 Fighting
 - Level 8.0 Short Blades
 + Level 3.9 Armour
 + Level 3.6 Dodging
 - Level 1.2 Stealth
 * Level 9.8 Evocations


You had 6 spell levels left.
You knew the following spells:

 Your Spells              Type           Power        Failure   Level  Hunger
s - Conjure Flame         Conj/Fire      #.......     100%        3    ####...


Dungeon Overview and Level Annotations

Branches:
Dungeon (9/15)             Temple (1/1) D:5             Orc (1/2) D:9
   Lair: D:8-11

Altars:
Ashenzari
Cheibriados
Dithmenos
Elyvilon
Fedhas
Gozag
Kikubaaqudgha
Makhleb
Nemelex Xobeh
Okawaru
Pakellas
Qazlal
Ru
Sif Muna
Trog
Vehumet
Xom
Yredelemnul
Zin
The Shining One

Shops:
D:4 *?%(   D:9 }


Innate Abilities, Weirdness & Mutations

You have razor-sharp teeth.
You heal very quickly.
When hurt, damage is shared between your health and your magic reserves.
Your bite disrupts and absorbs the magic of your enemies.
Potions and wands cannot restore your health.
You are immune to rotting.
You have sharp toenails.
You have a somewhat thin skeletal structure (Dex +2, Stealth).
You tend to lose your temper in combat.


Message History

You claw the orc sorcerer, but do no damage.
The orc sorcerer is heavily wounded.
The orc sorcerer falters for a moment.
You closely miss the orc sorcerer. You claw the orc sorcerer!
You bite the orc sorcerer!
The orc sorcerer's magic leaks into the air.
You drain its magic.
The orc sorcerer is almost dead.
You puncture the orc sorcerer!
You kill the orc sorcerer!
Pakellas accepts your kill.
Pakellas collects the excess magic power.
Your life force feels restored.
You puncture the orc wizard! You drain the orc wizard!
You kill the orc wizard!
Pakellas accepts your kill.
Pakellas collects the excess magic power.
Items here: ))) [[[ † You feel a strong urge to attack something.
An orc warrior and an orc high priest come into view.
You are no longer berserk.
You are exhausted.
You feel yourself slow down.
You are feeling very hungry.
The orc high priest shouts!
An orc warrior comes into view. It is wielding a trident.
You puncture the orc sorcerer!
You kill the orc sorcerer!
Pakellas accepts your kill.
Pakellas collects the excess magic power.
The orc high priest prays to Beogh.
The orc warrior moves out of view.
An orc comes into view.
The orc warrior shouts!
The orc shouts!
The orc warrior throws a tomahawk.
The tomahawk hits you.
The orc warrior throws a tomahawk.
The tomahawk barely misses you.
An orc and an orc warrior come into view.
You see here a tomahawk.
An orc comes into view. It is wielding a dagger.
The orc shouts! x2
The orc warrior throws a tomahawk.
The tomahawk hits you!
The orc high priest calls down the wrath of Beogh upon you.
Beogh smites you!
You see here a tomahawk.
The orc high priest utters an invocation to Beogh.
The orc warrior hits you but does no damage.
The orc wizard shouts!
The orc warrior shouts!
The orc wizard gestures wildly while chanting.
The orc wizard flickers and vanishes!
Deactivating autopickup; reactivate with Ctrl-A.
The orc warrior hits you with a dire flail!!
* * * LOW HITPOINT WARNING * * *
The orc warrior hits you from afar with a halberd.
* * * LOW HITPOINT WARNING * * *
An orc priest comes into view. It is wielding a falchion.
There is a stone staircase leading down, spattered with blood here.
The orc priest shouts!
The orc high priest calls down the wrath of Beogh upon you.
Beogh smites you!
* * * LOW HITPOINT WARNING * * *
The orc priest calls down the wrath of Beogh upon you.
Beogh smites you!
You die...
Pakellas says: Time to start the next experiment...

##.##.)(## ....##
#..<(.##....$#
##..(......##
#...)..#...#
.####.(..#.##
.....>.....##
#...........###
#$..........(.#
......####.@..###
.....# ###..o.).#
##... #.$oo#.###
.#......o4.#.o#
#.....o.o##....
......3.#...#{..
##.....o##..##....
#.......##.## o..#
........##o. o..


You could see an orc high priest, a smoke demon, a red devil, 4 orc warriors, an
orc priest and 3 orcs.

Vanquished Creatures
  Pikel (D:4)
  3 orc sorcerers (Orc:1)
  Psyche (D:8)
  A hippogriff (D:8)
  Duvessa (D:5)
  2 slaves (D:4)
  3 ice beasts
  4 sky beasts
  7 ogres
  3 phantoms
  2 centaurs
  Blork the orc (D:5)
  A big kobold (D:8)
  5 giant frogs
  Dowan (D:5)
  3 scorpions
  3 killer bees (D:9)
  4 wights (D:7)
  5 crimson imps
  4 hounds
  4 orc wizards
  A giant frog skeleton (D:9)
  An orc priest (D:5)
  A centaur skeleton (D:7)
  6 worker ants
  A big kobold zombie (Ossuary)
  The ghost of GammafunkIsABaby the Chiller, a weakling HEIE (D:5)
  8 mummies (Ossuary)
  A howler monkey zombie (D:7)
  3 worker ant zombies
  2 gnolls
  6 adders
  A shadow imp (D:6)
  2 oozes
  3 adder skeletons
  2 adder zombies
  A dart slug (D:1)
  6 worms
  4 giant geckos
  14 orcs
  A ball python (D:6)
  4 giant cockroaches
  A gnoll zombie (Ossuary)
  4 goblins
  5 hobgoblins
  15 jackals
  6 quokkas
  7 bats
  10 giant newts
  A hobgoblin zombie (Ossuary)
  10 kobolds
  2 kobold zombies (Ossuary)
  3 orc zombies (Ossuary)
  2 quokka zombies
  5 rats
199 creatures vanquished.

Vanquished Creatures (collateral kills)
  2 wargs (Orc:1)
  A gnoll (D:4)
  An orc (Orc:1)
  A ball python skeleton (D:4)
5 creatures vanquished.

Vanquished Creatures (others)
  2 slaves (D:4)
  2 gnolls (D:4)
  An orc (Orc:1)
5 creatures vanquished.

Grand Total: 209 creatures vanquished

Notes
Turn   | Place    | Note
--------------------------------------------------------------
     0 | D:1      | Amnesiac the Vine Stalker Artificer began the quest for the Orb.
     0 | D:1      | Reached XP level 1. HP: 9/9 MP: 3/3
    41 | D:2      | Found a white marble altar of Elyvilon.
    46 | D:2      | Reached skill level 3 in Evocations
    46 | D:2      | Reached XP level 2. HP: 8/14 MP: 2/5
   234 | D:3      | Found an iron altar of Okawaru.
   396 | D:4      | Found Munom's Antique Weapon Boutique.
   419 | D:4      | Noticed an ogre
   483 | D:4      | Reached XP level 3. HP: 16/17 MP: 6/6
   550 | D:4      | Found Abyuneabue's Magic Scroll Shop.
   599 | D:4      | Found Ducaryilai's Assorted Antiques.
   698 | D:4      | Bought a glowing dagger for 44 gold pieces
   707 | D:4      | Noticed an ogre
   740 | D:4      | Reached skill level 1 in Armour
   817 | D:3      | Found a shattered altar of Ashenzari.
   832 | D:3      | Reached XP level 4. HP: 21/21 MP: 7/7
   840 | D:4      | Noticed an ogre
   873 | D:5      | Entered Level 5 of the Dungeon
   873 | D:5      | Found a snail-covered altar of Cheibriados.
   917 | D:5      | Reached skill level 4 in Evocations
   993 | D:5      | Noticed a phantom
  1038 | D:5      | Noticed Duvessa
  1038 | D:5      | Noticed Dowan
  1103 | D:6      | Found a sand-covered staircase.
  1315 | D:6      | Reached skill level 1 in Short Blades
  1315 | D:6      | Reached XP level 5. HP: 25/25 MP: 9/9
  1336 | D:6      | Noticed a sky beast
  1379 | D:6      | Killed a sky beast
  1434 | D:6      | Gained mutation: You heal very quickly. [Vine Stalker growth]
  1434 | D:6      | Reached XP level 6. HP: 20/29 MP: 8/10
  1455 | D:6      | Noticed an ice beast
  1479 | D:6      | Killed an ice beast
  1487 | D:6      | Noticed a sky beast
  1525 | D:6      | Killed a sky beast
  1525 | D:6      | Reached skill level 5 in Short Blades
  1525 | D:6      | Reached XP level 7. HP: 11/32 MP: 7/11
  1656 | Ossuary  | Entered an ossuary
  2340 | D:4      | Noticed Pikel
  2445 | D:4      | Found Kehaucuv's Food Emporium.
  2464 | D:4      | Gained mutation: You have razor-sharp teeth. [Vine Stalker growth]
  2464 | D:4      | Reached XP level 8. HP: 35/37 MP: 12/12
  2489 | D:4      | Killed Pikel
  2578 | D:4      | Found a sacrificial altar of Ru.
  2684 | D:4      | Reached skill level 5 in Evocations
  2848 | D:5      | Noticed Blork the orc
  2856 | D:5      | Killed Blork the orc
  2944 | D:5      | Killed Duvessa
  2944 | D:5      | Reached skill level 6 in Evocations
  2971 | D:5      | Reached XP level 9. HP: 30/40 MP: 10/14
  3056 | D:5      | Found a staircase to the Ecumenical Temple.
  3063 | Temple   | Entered the Ecumenical Temple
  3115 | Temple   | Became a worshipper of Pakellas the Inventive
  3715 | D:5      | Reached skill level 7 in Evocations
  3868 | D:5      | Killed Dowan
  4002 | D:5      | Found a staircase to the Ecumenical Temple.
  4087 | D:5      | Found a snail-covered altar of Cheibriados.
  4207 | D:5      | Noticed GammafunkIsABaby's ghost (weakling HEIE)
  4215 | D:5      | Killed GammafunkIsABaby's ghost
  4607 | D:2      | Found a shadowy altar of Dithmenos.
  4761 | D:2      | Reached * piety under Pakellas
  4761 | D:2      | Received a gift from Pakellas
  5925 | D:3      | Reached ** piety under Pakellas
  5925 | D:3      | Received a gift from Pakellas
  6409 | D:7      | Reached skill level 8 in Evocations
  6419 | D:7      | Reached skill level 1 in Fighting
  6485 | D:7      | Found a blossoming altar of Fedhas.
  6526 | D:7      | Got a smoking rapier
  7047 | D:7      | Learned a level 3 spell: Conjure Flame
  7202 | D:8      | Noticed Psyche
  7215 | D:8      | Killed Psyche
  7227 | D:8      | Reached XP level 10. HP: 32/49 MP: 17/17
  7351 | D:8      | Reached *** piety under Pakellas
  7351 | D:8      | Received a gift from Pakellas
  7351 | D:8      | Reached skill level 9 in Evocations
  7460 | D:8      | Identified the +6 rapier of Amorality {drain, rPois rN+ Dex+3} (You found it on level 7 of the Dungeon)
  7537 | D:9      | Found a radiant altar of Vehumet.
  7572 | D:9      | Found a sparkling altar of Nemelex Xobeh.
  7605 | D:9      | Found Yllex's Gadget Emporium.
  7611 | D:9      | Bought a plain deck of wonders for 210 gold pieces
  7708 | D:9      | Found a staircase to the Orcish Mines.
  7891 | D:9      | Gained mutation: You have sharp toenails. [mutagenic meat]
  7892 | D:9      | Gained mutation: You have a somewhat thin skeletal structure (Dex +2, Stealth). [mutagenic meat]
  7893 | D:9      | Gained mutation: You tend to lose your temper in combat. [mutagenic meat]
  8399 | Orc:1    | Entered Level 1 of the Orcish Mines
  8399 | Orc:1    | Noticed an orc knight
  8399 | Orc:1    | Noticed an orc sorcerer
  8408 | Orc:1    | Noticed a smoke demon
  8411 | Orc:1    | Killed an orc sorcerer
  8483 | Orc:1    | Noticed an orc sorcerer
  8485 | Orc:1    | Noticed an orc sorcerer
  8500 | Orc:1    | Paralysed by an orc sorcerer for 4 turns
  8508 | Orc:1    | Killed an orc sorcerer
  8511 | Orc:1    | Noticed an orc high priest
  8512 | Orc:1    | Killed an orc sorcerer
  8516 | Orc:1    | Noticed a smoke demon
  8517 | Orc:1    | Killed from afar by an orc priest

Skill      XL: |  1  2  3  4  5  6  7  8  9 10 |
---------------+-------------------------------+-----
Evocations     | 3 4 6 8 9 |  9.8
Armour         | 1 2 3 |  3.9
Short Blades   | 1 3 5 7 8 |  8.0
Fighting       | 3 4 |  4.5
Dodging        | 2 3 |  3.6
Stealth        | |  1.2

Action                   |  1- 3 |  4- 6 |  7- 9 | 10-12 || total
-------------------------+-------+-------+-------+-------++-------
Melee: Short sword       |    71 |       |   424 |    75 ||   570
       Bite              |    29 |    43 |   234 |    57 ||   363
       Dagger            |    28 |   193 |   241 |       ||   462
       Rapier            |       |       |       |    78 ||    78
       Kick              |       |       |       |    14 ||    14
Evoke: Wand              |     2 |     6 |     7 |     7 ||    22
 Stab: Sleeping          |     1 |       |       |       ||     1
       Confused          |       |       |     2 |     1 ||     3
  Eat: Chunk             |       |     2 |    15 |     7 ||    24
       Royal jelly       |       |       |     1 |       ||     1
       Pizza             |       |       |     1 |       ||     1
Armor: Leather armour    |     3 |       |       |       ||     3
       Plate armour      |    71 |   120 |   204 |    74 ||   469
Dodge: Dodged            |    27 |    31 |    84 |    26 ||   168
